 Dungeon Crawl Stone Soup version 0.14.1-24-gbdbe590 (webtiles) character file.

684 RepoMan the Slasher (level 7, -4/37 HPs)
             Began as a Vine Stalker Berserker on June 30, 2014.
             Was an Elder of Trog.
             Killed by divine providence
             ... invoked by an orc priest
              (13 damage)
             ... on Level 4 of the Dungeon.
             The game lasted 00:19:00 (2560 turns).

RepoMan the Slasher (Vine Stalker Berserker)        Turns: 2560, Time: 00:19:00

HP  -4/37        AC 10     Str 21      XL: 7   Next: 14%
MP   0/9         EV  9     Int  7      God: Trog [****..]
Gold 195         SH  0     Dex 14      Spells:  0 memorised,  6 levels left

rFire  . . .     SeeInvis .     t - +1,+3 long sword (freeze)
rCold  . . .     Clarity  .     e - +0 scale mail (curse)
rNeg   . . .     Conserve .     (no shield)
rPois  .         rCorr    .     w - +2 helmet
rElec  .         rRot     +     (no cloak)
SustAb . .       Spirit   +     (no gloves)
rMut   .         Warding  .     (no boots)
Saprov . . .     Stasis   .     (no amulet)
MR     .....                    (no ring)
                                (no ring)

@: not resistant to hostile enchantments, extremely unstealthy
A: fangs 2, regeneration 2, magic shield, antimagic bite, no device heal
a: Burn Spellbooks, Berserk, Trog's Hand, Brothers in Arms, Renounce Religion


You were on level 4 of the Dungeon.
You worshipped Trog.
Trog was greatly pleased with you.
You were not hungry.

You visited 1 branch of the dungeon, and saw 4 of its levels.

You collected 195 gold pieces.

Inventory:

Hand weapons
 a - a +0,+0 falchion
 t - a +1,+3 long sword of freezing (weapon)
Missiles
 m - a throwing net (quivered)
Armour
 b - a +0 animal skin
 e - a cursed +0 scale mail (worn)
 g - a +0 ring mail
 j - a cursed +0 scale mail
 o - a +0 plate armour
 r - a cursed +0 chain mail
 w - a +2 helmet (worn)
 D - a +1 chain mail of cold resistance
Magical devices
 q - a wand of polymorph (5) {unknown}
Comestibles
 c - a bread ration
 n - a meat ration
 C - 2 rotting chunks of goblin flesh
Scrolls
 i - 7 scrolls of identify {unknown}
 l - a scroll of fear {unknown}
 s - 4 scrolls of immolation {unknown}
 u - a scroll of magic mapping {unknown}
 v - 2 scrolls of noise {unknown}
 y - 3 scrolls of teleportation {unknown}
 z - a scroll of amnesia {unknown}
 B - a scroll of enchant weapon II {unknown}
Jewellery
 k - an uncursed ring of wizardry {unknown}
Potions
 d - a potion of invisibility {unknown}
 f - a potion of paralysis {unknown}
 h - a potion of brilliance {unknown}
 p - a potion of confusion {unknown}
 x - a potion of curing {unknown}
 A - a potion of heal wounds {unknown}


   Skills:
 + Level 3.9 Fighting
 * Level 4.8 Long Blades
 + Level 3.2 Armour
 + Level 3.0 Dodging


You had 6 spell levels left.
You didn't know any spells.

Dungeon Overview and Level Annotations

Branches:
Dungeon (4/15)
 Temple: D:4-7

Altars:


Innate Abilities, Weirdness & Mutations

You are immune to rotting.
You have extremely sharp teeth.
You heal very quickly.
When hurt, damage is shared between your health and your magic reserves.
Your bite disrupts and absorbs the magic of your enemies.
Potions and wands cannot restore your HP.


Message History

The orc wizard's wounds heal themselves!
The orc closely misses you.
You hit the orc priest. You freeze the orc priest.
Your bite misses the orc priest.
The orc priest is lightly wounded.
The orc wizard suddenly cheers.
The orc wizard mumbles some strange words.
The orc wizard blinks!
The orc priest hits you with a flail. The orc hits you.
You hit the orc priest but do no damage.
Your bite misses the orc priest.
The orc priest is lightly wounded.
The orc wizard hits you but does no damage.
The orc priest mumbles some strange prayers to Beogh against you.
Pain shoots through your body! The orc barely misses you.
The orc wizard points at you and mumbles some strange words.
The magic dart hits you!
* * * LOW HITPOINT WARNING * * *
The orc priest calls down the wrath of Beogh upon you.
Something smites you!
You die...

#...#.#####...............#.#
#...#.## #..####...........#
.......# #....##.......#.#.#
.......# ##.#.##########.###
.......# #<#.############
.......# #.###........ ###
#####'######.##......... +.. .#
#.##....##..oo....... #.. .#
##'#######..o@# #.# .#
#........#...## #.#
.###........#....##############.#
.)['.......)##................#.#
.###.........##...............'.#
.###########..##..............#.#
.....)..#####..################..
#####).....###.#.......#...##.###
#......# #.#.......#...<.(...


You could see an orc priest, an orc wizard and an orc.

Vanquished Creatures
  Sigmund (D:2)
  3 wights (D:4)
  An orc priest (D:4)
  A worker ant (D:4)
  2 orc wizards
  8 adders
  2 worms (D:2)
  An ooze (D:1)
  13 orcs
  5 bats
  3 giant cockroaches
  8 goblins
  10 hobgoblins
  8 jackals
  2 quokkas
  A giant gecko (D:2)
  6 giant newts
  17 kobolds
  A kobold skeleton (D:4)
  10 rats
103 creatures vanquished.

Notes
Turn   | Place    | Note
--------------------------------------------------------------
     0 | D:1      | RepoMan, the Vine Stalker Berserker, began the quest for the Orb.
     0 | D:1      | Reached XP level 1. HP: 11/11 MP: 1/1
   268 | D:1      | Reached XP level 2. HP: 16/16 MP: 3/3
   432 | D:1      | Acquired Trog's second power
   612 | D:2      | Reached skill level 3 in Fighting
   612 | D:2      | Reached XP level 3. HP: 16/20 MP: 2/4
   809 | D:2      | Reached XP level 4. HP: 22/24 MP: 5/5
  1077 | D:2      | Noticed Sigmund
  1090 | D:2      | Killed Sigmund
  1090 | D:2      | Reached XP level 5. HP: 28/28 MP: 4/7
  1439 | D:3      | Reached skill level 4 in Long Blades
  1493 | D:3      | Gained mutation: You heal very quickly. [vine stalker growth]
  1493 | D:3      | Reached XP level 6. HP: 29/32 MP: 8/8
  1604 | D:3      | Acquired Trog's third power
  2451 | D:4      | Reached XP level 7. HP: 35/37 MP: 9/9
  2560 | D:4      | Killed from afar by an orc priest

Action                   |  1- 3 |  4- 6 |  7- 9 || total
-------------------------+-------+-------+-------++-------
Melee: Falchion          |    92 |   154 |       ||   246
       Long sword        |       |    35 |    19 ||    54
Invok: Trog's Hand       |     1 |     1 |       ||     2
       Berserk           |     1 |     2 |       ||     3
       Burn Spellbooks   |       |     1 |       ||     1
